Mandevil, neutral male gnomish Wizard ----- ...^| ------- |.>.| |.....| #od.s| |.<...| ###|...| |.....| ###d..d| |.....| ### |..G| +.....| # ---+- |.....-######### ------- Mandevil the Thaumaturge Experience level: 8 Strength: 6 Dexterity: 15 Constitution: 14 Intelligence: 16 Wisdom: 13 Charisma: 8 Health: 0(48) Energy: 2(84) AC: 2 Gold: 63 Moves: 5273 Your Inventory: Coins $ - 63 gold pieces Weapons a - an uncursed +0 elven dagger (weapon in hand) Armor b - a blessed +0 cloak of magic resistance (being worn) y - an uncursed +0 iron skull cap [orcish helm] (being worn) E - a [blessed] +2 pair of leather gloves (being worn) F - an [uncursed] +0 studded leather armor (being worn) X - an uncursed +0 elven leather helm Comestibles p - 2 uncursed lichen corpses q - 2 uncursed [stale] eggs B - an [uncursed] carrot G - 5 [uncursed] food rations L - 2 [uncursed] lizard corpses N - an [uncursed] slime mold Q - 2 [uncursed] bananas Scrolls O - 2 [uncursed] scrolls called earth [of earth] Rings d - an uncursed ring of searching (on right hand) e - an uncursed ring of conflict (on left hand) Wands c - an uncursed wand of striking (0:0) K - an uncursed wand of light (0:10) R - an uncursed wand of digging (0:7) Tools k - an [uncursed] key [skeleton key] w - an uncursed magic whistle Spells known in the end: Name Level Category Fail Memory a - force bolt 1 attack 0% [||||||..] b - cure blindness 2 healing 70% [||||||..] c - sleep 1 enchantment 0% [||||||..] d - light 1 divination 0% [|||||||.] e - healing 1 healing 0% [|||||||.] Your skills at the end: Fighting Skills Weapon Skills dagger [Basic / Expert] quarterstaff [Basic / Expert] Spellcasting Skills attack spells [Basic / Expert] enchantment spells [Basic / Skilled] Final Attributes: You were piously aligned. Hunger level was 1131. Your alignment was 35 / 36. Monster difficulty range was 1 - 7. Level difficulty was 7. You resisted poison. You were magic-protected. You were telepathic. You had automatic searching. You had infravision. You caused conflict. Your luck was zero. You are dead. Vanquished creatures: a large mimic a small mimic a carnivorous ape a Grey-elf a giant beetle a wolf a leprechaun an iron piercer a vampire bat a Green-elf 2 lizards 2 dingos a raven 3 snakes 3 human zombies a wood nymph 2 yellow lights a violet fungus an elf zombie a straw golem 2 wax golems 2 giant ants 3 floating eyes a homunculus a kobold lord 2 hill orcs 4 rothes 3 orc zombies a dwarf zombie a werejackal 6 iguanas 5 killer bees 2 acid blobs 4 coyotes 2 gas spores a hobbit 12 manes 2 large kobolds 2 hobgoblins 4 giant rats 4 cave spiders a brown mold 3 yellow molds 2 green molds a red mold 3 garter snakes 3 geckos 2 jackals 3 foxes 3 kobolds a goblin 3 sewer rats 9 grid bugs 3 lichens 4 newts 132 creatures vanquished. Voluntary challenges: You used a wielded weapon 214 times. You read items or engraved 5 times. You put on armor 9 times. You never genocided any monsters. You never polymorphed an object. You never changed form. You used no wishes. You never wrote Elbereth's name. You never encountered a bones level. You never used any Sokoban shortcuts. Dungeon overview: The Dungeons of Doom: levels 1 to 8 Level 1 a long staircase Level 2 stairs to The Gnomish Mines Level 3 a weapon shop, a fountain Level 4 a fountain Level 5 an altar Level 6 (stash books) an armor shop, a fountain, a sink Level 7 <- You were here Level 8 stairs to Sokoban The Gnomish Mines: Level 3 stairs to The Dungeons of Doom Sokoban: levels 6 to 7 Level 7 a magic chest stairs to The Dungeons of Doom History has recorded: On T:1 you entered the Dungeons of Doom to retrieve the Amulet of Yendor! On T:180 you reached level 2 of The Dungeons of Doom. On T:187 you advanced to experience level 2. On T:273 you advanced to experience level 3. On T:478 you reached level 1 of The Gnomish Mines. On T:481 you advanced to experience level 4. On T:572 you reached level 3 of The Dungeons of Doom. On T:674 you advanced to experience level 5. On T:838 you advanced to experience level 6. On T:1018 you reached level 4 of The Dungeons of Doom. On T:1371 you reached level 5 of The Dungeons of Doom. On T:1686 you advanced to experience level 7. On T:1727 you reached level 6 of The Dungeons of Doom. On T:3147 you reached level 7 of The Dungeons of Doom. On T:3209 you reached level 8 of The Dungeons of Doom. On T:3231 you advanced to experience level 8. On T:3441 you reached level 3 of Sokoban. On T:4351 you reached level 2 of Sokoban. Latest messages: The wolf misses the centipede. The wolf bites the wolf. [HP+1=2] The wolf bites the centipede. The wolf bites the wolf. The wolf misses the centipede. The wolf bites the orc-captain. Y - a scroll labeled READ ME. The wolf bites the orc-captain. The orc-captain swings her curved sword at the wolf. The orc-captain hits the wolf. The orc-captain swings her curved sword at the wolf. The orc-captain misses the wolf. As you read the scroll, it disappears. This is an identify scroll. R - an uncursed wand of digging (0:7). K - an uncursed wand of light (0:10). X - an uncursed +0 elven leather helm. a - an uncursed +0 elven dagger (weapon in hand). The wolf bites! You die... Final status: Goodbye Mandevil the Wizard... You died in The Dungeons of Doom on dungeon level 7 with 3845 points, and 63 pieces of gold, after 5273 moves. You were level 8 with a maximum of 48 hit points when you died.